 Dungeon Crawl Stone Soup version 0.19.4-10-g532645f (webtiles) character file.

135 Rrauwl the Magician (level 4, -2/24 HPs)
             Began as a Deep Elf Wizard on Feb 25, 2017.
             Slain by Rrauwl's ghost (4 damage)
             ... on level 3 of the Dungeon.
             The game lasted 00:16:24 (2941 turns).

Rrauwl the Magician (Deep Elf Wizard)               Turns: 2941, Time: 00:16:25

Health: -2/24      AC: 10    Str:  5    XL:     4   Next: 96%
Magic:  2/13       EV: 10    Int: 23    God:
Gold:   63         SH:  0    Dex: 13    Spells: 1 memorised, 12 levels left

rFire  . . .     SeeInvis .     l - +0 short sword
rCold  . . .     Gourm    .     j - +0 ring mail
rNeg   . . .     Faith    .     (no shield)
rPois  .         Spirit   .     b - +0 hat
rElec  .         Reflect  .     (no cloak)
rCorr  .         Harm     .     (no gloves)
MR     .....                    g - +1 pair of boots
Stlth  ++........               (no amulet)
                                (no ring)
                                o - +3 ring of protection

@: no status effects
A: no striking features
a: no special abilities


You were on level 3 of the Dungeon.
You were not hungry.

You visited 1 branch of the dungeon, and saw 3 of its levels.

You collected 63 gold pieces.

Inventory:

Hand Weapons
 l - a +0 short sword (weapon)
Armour
 a - a +0 robe
 b - a +0 hat (worn)
 g - a +1 pair of boots (worn)
 j - a +0 ring mail (worn)
Jewellery
 o - a +3 ring of protection (left hand)
Scrolls
 e - 2 scrolls of identify
 k - a scroll of remove curse
 m - 2 scrolls of magic mapping
 p - 2 scrolls of amnesia {unknown}
 q - a scroll of random uselessness {unknown}
Books
 c - a book of Minor Magic

   Spells                             Type                      Level
   a - Magic Dart                     Conjuration                  1
   b - Blink                          Translocation                2
   c - Call Imp                       Summoning                    2
   d - Repel Missiles                 Charms/Air                   2
   e - Slow                           Hexes                        2
   f - Conjure Flame                  Conjuration/Fire             3
   g - Mephitic Cloud                 Conjuration/Poison/Air       3
Comestibles
 d - 5 bread rations
 n - 3 meat rations


   Skills:
 + Level 1.6 Armour
 + Level 3.4 Dodging
 + Level 3.9 Stealth
 + Level 5.3 Spellcasting
 + Level 1.9 Conjurations
   Level 1.1 Summonings
   Level 1.1 Translocations


You had 12 spell levels left.
You knew the following spells:

 Your Spells              Type           Power        Failure   Level  Hunger
a - Magic Dart            Conj           ###.         21%         1    None


Dungeon Overview and Level Annotations

Branches:
Dungeon (3/15)

Altars:
Uskayaw

Annotations:
D:3 Robin; Rrauwl's ghost, weakling DsAE


Message History

Rrauwl's ghost is heavily damaged.
Rrauwl's ghost screams, "They lied to you.
The Dungeon just goes down and down forever."
Rrauwl's ghost hits you.
* * * LOW HITPOINT WARNING * * *
You hit Rrauwl's ghost but do no damage.
Rrauwl's ghost is heavily damaged.
Rrauwl's ghost hits you.
* * * LOW HITPOINT WARNING * * *
You hit Rrauwl's ghost but do no damage.
Rrauwl's ghost is heavily damaged.
Rrauwl's ghost wails, "There is no future for me!"
Rrauwl's ghost hits you but does no damage.
You hit Rrauwl's ghost but do no damage.
Rrauwl's ghost is heavily damaged.
Rrauwl's ghost closely misses you.
Your magical contamination has completely faded away.
You hit Rrauwl's ghost but do no damage.
Rrauwl's ghost is heavily damaged.
Rrauwl's ghost hits you.
You die...

#### ## #.. .#
#.# ##.#
#.###.####..#
#...oW@....#####
###
#.###O##.........
..# #.###...####
#.# #.####..# #.#
#.......# #.#
######.##
####.### ##'##
#....... ##...##
#.##.###
##.....##
#.##.###


You could see an ogre, Rrauwl's ghost and an orc.

Vanquished Creatures
  3 gnolls (D:2)
  5 adders
  An adder zombie (D:2)
  2 worms
  2 dart slugs
  An orc (D:3)
  A ball python (D:2)
  3 bats
  A giant cockroach (D:2)
  5 goblins
  8 hobgoblins
  4 jackals
  A frilled lizard (D:3)
  6 kobolds
  6 rats
49 creatures vanquished.

Notes
Turn   | Place    | Note
-------+----------+-------------------------------------------
     0 | D:1      | Rrauwl the Deep Elf Wizard began the quest for the Orb.
     0 | D:1      | Reached XP level 1. HP: 10/10 MP: 7/7
   216 | D:1      | Reached XP level 2. HP: 15/15 MP: 4/9
   797 | D:2      | Reached skill level 1 in Armour
  1008 | D:2      | Reached XP level 3. HP: 15/19 MP: 6/11
  1634 | D:2      | Reached skill level 5 in Spellcasting
  1840 | D:2      | Reached XP level 4. HP: 19/24 MP: 7/13
  2263 | D:3      | Found a hide-covered altar of Uskayaw.
  2492 | D:3      | Noticed Robin
  2914 | D:3      | Noticed Rrauwl's ghost (weakling DsAE)
  2929 | D:3      | Noticed an ogre
  2938 | D:3      | HP: 1/24 [Rrauwl's ghost (6)]
  2941 | D:3      | Slain by Rrauwl's ghost

Skill      XL: |  1  2  3  4 |
---------------+-------------+-----
Armour         | 1 |  1.6
Stealth        | 3 |  3.9
Spellcasting   | 5 |  5.3
Dodging        | 3 |  3.4
Conjurations   | |  1.9
Summonings     | |  1.1
Translocations | |  1.1

Action                   |  1- 3 |  4- 6 || total
-------------------------+-------+-------++-------
Melee: Unarmed           |    46 |    27 ||    73
       Short sword       |       |    78 ||    78
 Cast: Magic Dart        |    90 |    60 ||   150
  Use: Scroll            |     7 |     1 ||     8
       Potion            |     3 |     1 ||     4
 Stab: Sleeping          |       |     2 ||     2
  Eat: Chunk             |     3 |     2 ||     5
       Pizza             |       |     1 ||     1
Armor: Robe              |    23 |    17 ||    40
       Ring mail         |       |    45 ||    45
Dodge: Dodged            |    45 |    92 ||   137
